 Dungeon Crawl Stone Soup version 0.26-a0-646-g5d7718319a (webtiles) character file.

Game seed: 408702061523039304

65 MrRokkomies the Gusty (level 4, -3/25 HPs)
             Began as a Tengu Air Elementalist on Sept 24, 2020.
             Killed from afar by an orc wizard (8 damage)
             ... with a puff of frost
             ... on level 2 of the Dungeon.
             The game lasted 00:05:26 (1683 turns).

MrRokkomies the Gusty (Tengu Air Elementalist)      Turns: 1683, Time: 00:05:27

Health: -3/25      AC:  2    Str:  8    XL:     4   Next: 13%
Magic:  6/8        EV: 12    Int: 16    God:
Gold:   80         SH:  4    Dex: 15    Spells: 1/7 levels left

rFire    . . .     SeeInvis .   g - +0 dagger
rCold    . . .     Faith    .   h - +0 buckler
rNeg     . . .     Spirit   .   a - +0 robe
rPois    .         Reflect  .   (helmet restricted)
rElec    .         Harm     .   (no cloak)
rCorr    .         Rampage  .   (no gloves)
MR       .....                  (boots unavailable)
Stlth    ++........             (no amulet)
HPRegen  0.08/turn              (no ring)
MPRegen  0.11/turn              (no ring)

@: lethally poisoned (-3 -> -13)
A: beak, talons 3
a: no special abilities


You were on level 2 of the Dungeon.
You visited 1 branch of the dungeon, and saw 2 of its levels.

You collected 80 gold pieces.

Inventory:

Hand Weapons
 g - a +0 dagger (weapon)
Armour
 a - a +0 robe (worn)
 h - a +0 buckler (worn)
Scrolls
 b - a scroll of enchant armour {unknown}
 c - a scroll of remove curse
 e - a scroll of identify
Potions
 d - a potion of flight
 f - a potion of resistance
 i - a potion of heal wounds {unknown}
 j - a potion of ambrosia {unknown}


   Skills:
 + Level 1.3 Fighting
 - Level 2.3 Dodging
 - Level 2.0 Stealth
 + Level 0.8 Shields
 - Level 2.0 Spellcasting
 * Level 3.1 Conjurations
 * Level 4.9 Air Magic


You had one spell level left.
You knew the following spells:

 Your Spells              Type           Power        Failure   Level
a - Shock                 Conj/Air       ##..         6%          1
b - Swiftness             Air            ###.....     6%          2
c - Static Discharge      Conj/Air       ##......     17%         3

Your spell library contained the following spells:

 Spells                   Type           Power        Failure   Level
 Airstrike                Air            ###.......   38%         4
 Lightning Bolt           Conj/Air       ##........   85%         5


Dungeon Overview and Level Annotations

Branches:
Dungeon (2/15)

Altars:


Innate Abilities, Weirdness & Mutations

You have a beak for a mouth.
You have claws for feet.


Message History

The orc priest invokes the aid of Beogh against you.
Beogh smites you!
* * * LOW HITPOINT WARNING * * *
Unknown command.
Okay, then.
Casting: Shock (safe; 6% risk of failure)
Confirm with . or Enter, or press ? or * to list all spells.
Aiming: Shock (safe; 6% risk of failure)
Press: ? - help, Shift-Dir - straight line The zap hits the orc wizard.
The orc wizard is severely wounded.
The zap hits the orc priest.
The orc priest is heavily wounded.
The zap hits the orc priest but does no damage.
The orc priest is heavily wounded.
The orc wizard hits you but does no damage.
You are lethally poisoned!
The orc wizard points at you and mumbles some strange words.
The puff of frost hits you!
You die...

######## ......# .....#
....###### ........#
#.#.....# #.#.....#
#@...)..# . #o##....###
... ###o##......#
.....##.((###..##.# .
..).....#####..##.## ...
....o#.#####.......###...
.....#.........(.........
.. ...#####.....)......(
.###.#...........#.....


You could see an orc priest and an orc wizard (fast).

Vanquished Creatures
  2 adders (D:2)
  A dart slug (D:2)
  2 leopard geckos (D:2)
  2 orcs (D:2)
  A ball python (D:2)
  4 bats
  3 giant cockroaches (D:1)
  7 goblins
  8 hobgoblins
  A quokka (D:2)
  A frilled lizard (D:1)
  4 rats
36 creatures vanquished.

Vanquished Creatures (others)
  2 frilled lizards (D:2)
  A rat (D:2)
3 creatures vanquished.

Grand Total: 39 creatures vanquished

Notes
Turn   | Place    | Note
-------+----------+-------------------------------------------
     0 | D:1      | MrRokkomies the Tengu Air Elementalist began the quest for
                  | the Orb.
     0 | D:1      | Reached XP level 1. HP: 10/10 MP: 4/4
   259 | D:1      | Reached XP level 2. HP: 15/15 MP: 3/6
  1051 | D:1      | Reached XP level 3. HP: 16/20 MP: 0/7
  1119 | D:2      | Reached skill level 1 in Fighting
  1290 | D:2      | Learned a level 2 spell: Swiftness
  1294 | D:2      | Learned a level 3 spell: Static Discharge
  1503 | D:2      | Reached XP level 4. HP: 22/25 MP: 8/8
  1683 | D:2      | Killed from afar by an orc wizard

Illustrated notes

Levels and vault maps discovered:
D:1:      erik_arrival_orb_chamber, layout_loops_ring
D:2:      cheibrodos_pilgrimage, layout_rooms, fiery_altar_vehumet

Skill      XL: |  1  2  3 |
---------------+----------+-----
Conjurations   | 2 3 |  3.1
Fighting       | 1 |  1.3
Dodging        | |  2.3
Stealth        | |  2.0
Shields        | |  0.8
Spellcasting   | |  2.0
Air Magic      | |  4.9

Action                   |  1- 3 |  4- 6 || total
-------------------------+-------+-------++-------
Melee: Dagger            |    33 |       ||    33
       Kick              |     9 |       ||     9
       Peck              |     3 |       ||     3
 Cast: Shock             |    67 |    13 ||    80
  Use: Scroll            |     5 |       ||     5
Armor: Robe              |     6 |     1 ||     7
Dodge: Dodged            |    28 |     2 ||    30
Block: Buckler           |     5 |       ||     5

Table legend: (Time is in decaauts)
 A = Elapsed time spent in this place.
 B = Non-inter-level travel time spent in this place.
 C = Inter-level travel time spent in this place.
 D = Time resting spent in this place.
 E = Time spent auto-exploring this place.
 F = Levels seen in this place.
 G = Mean time per level.
                   A        B        C        D        E       F      G
               +--------+--------+--------+--------+--------+-----+--------+
         Total |   1686 |   1580 |    106 |    110 |   1220 |   2 |  843.0 |
       Dungeon |   1686 |   1580 |    106 |    110 |   1220 |   2 |  843.0 |
               +--------+--------+--------+--------+--------+-----+--------+

Top non-repeatable levels by time:
     D:1: 1038 daAuts
     D:2: 647 daAuts
